General information
- name: BNet
- type: Ladder team game (AT/RT)
- host: Battle.net
- saver: 859374985734895
map: Highperch
- players: 6
- length: 21:49
- speed: Fast
- version: 1.24 W3XP
- replay type: Public
» download(119 KB)
Players
team 1 (winner)
7mins2FullCharg (
purple | 62 APM | 1354 actions | 21:48)
4 Pandaren Brewmaster
2 Breath of Fire
2 Drunken Brawler
» actions
| Assign group hotkey | 33 | |
| Basic commands | 9 | |
| Build / train | 192 | |
| Enter build submenu | 89 | |
| Enter hero's abilities submenu | 4 | |
| Give item / drop item | 2 | |
| Right click | 405 | |
| Select / deselect | 354 | |
| Select group hotkey | 43 | |
| Use ability | 223 | |
1354 total
» units
| Peasant | 32 | |
| Mortar Team | 3 | |
| Flying Machine | 1 | |
| Sorceress | 3 | |
| Dragonhawk Rider | 3 | |
| Priest | 1 | |
43 total
» upgrades
| Masonry | 3 | |
| Lumber Harvesting | 1 | |
| Magic Sentry | 1 | |
| Cloud | 1 | |
| Flare | 1 | |
| Fragmentation Shards | 1 | |
| Sorceress Training | 1 | |
9 total
» buildings
| Lumber Mill | 2 | |
| Farm | 15 | |
| Scout Tower | 90 | |
| Arcane Tower | 2 | |
| Guard Tower | 115 | |
| Altar of Kings | 1 | |
| Arcane Vault | 1 | |
| Town Hall | 1 | |
| Keep | 1 | |
| Blacksmith | 1 | |
| Arcane Sanctum | 2 | |
| Gryphon Aviary | 1 | |
| Workshop | 1 | |
| Castle | 1 | |
234 total
» build order
00:30 Lumber Mill
00:33 Farm
00:58 Scout Tower
01:00 Scout Tower
01:03 Scout Tower
01:05 Scout Tower
01:08 Scout Tower
01:10 Scout Tower
01:13 Scout Tower
01:15 Scout Tower
01:28 Arcane Tower
01:35 Arcane Tower
01:36 Guard Tower
01:38 Guard Tower
01:45 Scout Tower
01:47 Scout Tower
01:51 Scout Tower
01:53 Scout Tower
02:05 Farm
02:11 Guard Tower
02:11 Guard Tower
02:13 Guard Tower
02:14 Guard Tower
02:14 Guard Tower
02:29 Altar of Kings
02:39 Guard Tower
02:40 Guard Tower
02:40 Guard Tower
02:44 Guard Tower
02:44 Guard Tower
02:44 Guard Tower
02:48 Guard Tower
02:50 Guard Tower
02:50 Guard Tower
02:55 Scout Tower
02:57 Scout Tower
03:01 Scout Tower
03:04 Scout Tower
03:09 Scout Tower
03:10 Scout Tower
03:16 Farm
03:22 Scout Tower
03:25 Scout Tower
03:26 Scout Tower
03:29 Scout Tower
03:30 Guard Tower
03:30 Guard Tower
03:30 Guard Tower
03:31 Guard Tower
03:32 Guard Tower
03:32 Guard Tower
03:33 Guard Tower
03:33 Guard Tower
03:33 Guard Tower
03:36 Scout Tower
03:37 Scout Tower
03:45 Scout Tower
03:51 Farm
04:15 Arcane Vault
04:19 Guard Tower
04:21 Guard Tower
04:22 Guard Tower
04:22 Guard Tower
04:28 Guard Tower
04:29 Guard Tower
04:35 Guard Tower
04:35 Guard Tower
04:35 Guard Tower
04:38 Scout Tower
04:39 Scout Tower
04:40 Scout Tower
04:40 Scout Tower
04:44 Scout Tower
04:45 Scout Tower
04:46 Scout Tower
05:11 Guard Tower
05:32 Guard Tower
05:33 Guard Tower
05:33 Guard Tower
05:38 Guard Tower
05:38 Guard Tower
05:39 Guard Tower
05:58 Farm
06:13 Guard Tower
06:32 Town Hall
06:40 Guard Tower
06:54 Scout Tower
06:57 Scout Tower
06:58 Scout Tower
07:03 Scout Tower
07:05 Scout Tower
07:08 Scout Tower
07:36 Guard Tower
07:44 Guard Tower
07:50 Guard Tower
08:14 Scout Tower
08:15 Scout Tower
08:16 Scout Tower
08:18 Scout Tower
08:19 Scout Tower
08:20 Scout Tower
08:31 Guard Tower
08:47 Scout Tower
08:48 Scout Tower
08:49 Scout Tower
08:51 Scout Tower
08:54 Scout Tower
08:56 Scout Tower
08:59 Scout Tower
09:03 Scout Tower
09:10 Scout Tower
09:12 Scout Tower
09:14 Scout Tower
09:29 Farm
09:35 Guard Tower
09:36 Guard Tower
09:36 Guard Tower
09:48 Scout Tower
09:48 Scout Tower
09:50 Scout Tower
09:55 Guard Tower
09:55 Guard Tower
09:56 Guard Tower
10:23 Guard Tower
10:42 Keep
11:00 Guard Tower
11:00 Guard Tower
11:00 Guard Tower
11:23 Scout Tower
11:26 Scout Tower
11:28 Scout Tower
11:30 Guard Tower
11:31 Guard Tower
11:31 Guard Tower
11:34 Guard Tower
11:34 Guard Tower
11:57 Guard Tower
11:57 Guard Tower
12:11 Blacksmith
12:19 Guard Tower
12:19 Guard Tower
12:19 Guard Tower
12:27 Scout Tower
12:30 Scout Tower
12:31 Scout Tower
12:32 Scout Tower
12:36 Guard Tower
12:38 Scout Tower
12:40 Scout Tower
12:41 Scout Tower
12:44 Scout Tower
12:45 Scout Tower
12:48 Scout Tower
12:50 Scout Tower
12:51 Scout Tower
12:53 Scout Tower
12:57 Scout Tower
12:58 Scout Tower
13:09 Arcane Sanctum
13:12 Arcane Sanctum
13:15 Gryphon Aviary
13:27 Guard Tower
13:30 Guard Tower
13:35 Workshop
13:38 Farm
13:40 Castle
13:43 Farm
14:32 Guard Tower
14:33 Scout Tower
14:35 Scout Tower
14:36 Scout Tower
14:37 Scout Tower
14:47 Guard Tower
14:47 Guard Tower
14:47 Guard Tower
14:53 Guard Tower
14:54 Guard Tower
14:54 Guard Tower
14:56 Scout Tower
14:57 Scout Tower
14:58 Scout Tower
15:00 Scout Tower
15:00 Scout Tower
15:01 Scout Tower
15:04 Guard Tower
15:04 Guard Tower
15:08 Scout Tower
15:09 Scout Tower
15:15 Scout Tower
15:17 Scout Tower
15:38 Farm
16:00 Guard Tower
16:00 Guard Tower
16:00 Guard Tower
16:44 Guard Tower
16:44 Guard Tower
16:44 Guard Tower
16:47 Guard Tower
16:47 Guard Tower
16:48 Guard Tower
18:14 Guard Tower
18:14 Guard Tower
18:14 Guard Tower
18:16 Guard Tower
18:17 Guard Tower
18:50 Guard Tower
19:49 Farm
19:49 Farm
19:52 Farm
19:53 Farm
19:54 Farm
19:55 Farm
21:26 Lumber Mill
» items
| Boots of Speed | 1 | |
| Lesser Clarity Potion | 1 | |
| Healing Salve | 1 | |
| Scroll of Town Portal | 1 | |
| Scroll of Speed | 1 | |
| Mechanical Critter | 2 | |
| Orb of Lightning | 1 | |
8 total
859374985734895 (
orange | 63 APM | 1386 actions | 21:49)
7 Pandaren Brewmaster
3 Breath of Fire
3 Drunken Haze
1 Storm Earth and Fire
» actions
| Assign group hotkey | 75 | |
| Basic commands | 8 | |
| Build / train | 52 | |
| ESC pressed | 6 | |
| Enter build submenu | 20 | |
| Enter hero's abilities submenu | 6 | |
| Give item / drop item | 3 | |
| Right click | 561 | |
| Select / deselect | 191 | |
| Select group hotkey | 334 | |
| Use ability | 130 | |
1386 total
» units
» upgrades
| Liquid Fire | 1 | |
| Reinforced Defenses | 1 | |
| Armor | 3 | |
| Backpack | 1 | |
| Spiked Barricades | 1 | |
7 total
» buildings
| Altar of Storms | 1 | |
| Orc Burrow | 10 | |
| Voodoo Lounge | 2 | |
| War Mill | 1 | |
| Stronghold | 1 | |
| Fortress | 1 | |
| Beastiary | 4 | |
| Watch Tower | 2 | |
22 total
» build order
00:07 Altar of Storms
00:11 Orc Burrow
02:10 Voodoo Lounge
02:38 Orc Burrow
03:22 War Mill
03:43 Voodoo Lounge
04:32 Stronghold
06:54 Fortress
06:57 Beastiary
06:57 Beastiary
07:57 Beastiary
07:59 Beastiary
08:01 Orc Burrow
08:01 Orc Burrow
13:45 Watch Tower
13:46 Watch Tower
14:57 Orc Burrow
14:57 Orc Burrow
14:57 Orc Burrow
19:43 Orc Burrow
19:43 Orc Burrow
19:44 Orc Burrow
» items
| Boots of Speed | 1 | |
| Staff of Teleportation | 4 | |
| Lesser Clarity Potion | 1 | |
| Orb of Lightning | 1 | |
7 total
thatsOldtimey (
red | 40 APM | 873 actions | 21:48)
4 Pandaren Brewmaster
2 Breath of Fire
2 Drunken Brawler
» actions
| Assign group hotkey | 43 | |
| Basic commands | 1 | |
| Build / train | 49 | |
| Enter build submenu | 34 | |
| Enter hero's abilities submenu | 4 | |
| Give item / drop item | 3 | |
| Right click | 369 | |
| Select / deselect | 131 | |
| Select group hotkey | 180 | |
| Use ability | 59 | |
873 total
» units
» upgrades
| Ultravision | 1 | |
| Well Spring | 1 | |
| Strength of the Wild | 3 | |
| Reinforced Hides | 2 | |
7 total
» buildings
| Altar of Elders | 1 | |
| Moon Well | 24 | |
| Tree of Life | 1 | |
| Tree of Ages | 1 | |
| Hunter's Hall | 1 | |
| Tree of Eternity | 1 | |
| Ancient of Wind | 3 | |
32 total
» build order
00:05 Altar of Elders
00:11 Moon Well
02:15 Moon Well
04:39 Moon Well
05:12 Moon Well
05:20 Moon Well
06:50 Tree of Life
06:55 Moon Well
06:56 Moon Well
07:03 Moon Well
07:04 Moon Well
07:57 Tree of Ages
08:01 Moon Well
08:34 Hunter's Hall
09:17 Moon Well
09:23 Moon Well
09:25 Moon Well
10:54 Moon Well
11:13 Tree of Eternity
11:59 Ancient of Wind
12:03 Ancient of Wind
12:04 Ancient of Wind
13:07 Moon Well
13:08 Moon Well
13:19 Moon Well
13:22 Moon Well
13:25 Moon Well
13:26 Moon Well
15:55 Moon Well
15:56 Moon Well
16:03 Moon Well
16:05 Moon Well
» items
| Boots of Speed | 1 | |
| Staff of Teleportation | 2 | |
| Orb of Lightning | 1 | |
4 total
team 2 (loser)
jay_noble (
pink | 42 APM | 921 actions | 21:41)
3 Tauren Chieftain
2 Endurance Aura
1 Shockwave
1 Shadow Hunter
1 Hex
» actions
| Assign group hotkey | 22 | |
| Basic commands | 45 | |
| Build / train | 56 | |
| Enter build submenu | 19 | |
| Enter hero's abilities submenu | 4 | |
| Give item / drop item | 1 | |
| Right click | 392 | |
| Select / deselect | 262 | |
| Select group hotkey | 87 | |
| Use ability | 33 | |
921 total
» units
| Peon | 9 | |
| Grunt | 8 | |
| Troll Batrider | 22 | |
39 total
» upgrades
| Pillage | 1 | |
| Ranged Weapons | 3 | |
| Liquid Fire | 1 | |
| Reinforced Defenses | 1 | |
| Troll Regeneration | 1 | |
7 total
» buildings
| Barracks | 1 | |
| Orc Burrow | 8 | |
| Altar of Storms | 1 | |
| Voodoo Lounge | 1 | |
| Stronghold | 1 | |
| War Mill | 1 | |
| Watch Tower | 4 | |
| Beastiary | 3 | |
| Fortress | 1 | |
21 total
» build order
00:12 Barracks
00:19 Orc Burrow
00:48 Altar of Storms
01:23 Orc Burrow
02:01 Voodoo Lounge
02:32 Orc Burrow
04:22 Stronghold
05:23 War Mill
06:40 Watch Tower
06:45 Watch Tower
07:13 Beastiary
07:25 Beastiary
08:16 Orc Burrow
08:30 Beastiary
11:16 Orc Burrow
11:20 Orc Burrow
11:22 Fortress
12:14 Orc Burrow
13:55 Orc Burrow
14:13 Watch Tower
14:56 Watch Tower
» items
| Healing Salve | 1 | |
| Staff of Teleportation | 1 | |
2 total
kaide007 (
green | 55 APM | 1195 actions | 21:43)
3 Dreadlord
1 Vampiric Aura
2 Sleep
» actions
| Assign group hotkey | 73 | |
| Basic commands | 47 | |
| Build / train | 47 | |
| Enter build submenu | 23 | |
| Enter hero's abilities submenu | 3 | |
| Give item / drop item | 1 | |
| Right click | 613 | |
| Select / deselect | 259 | |
| Select group hotkey | 87 | |
| Use ability | 42 | |
1195 total
» units
| Acolyte | 11 | |
| Ghoul | 9 | |
| Gargoyle | 3 | |
| Frost Wyrm | 4 | |
27 total
» upgrades
| Cannibalize | 1 | |
| Creature Attack | 3 | |
| Creature Carapace | 3 | |
| Freezing Breath | 1 | |
8 total
» buildings
| Crypt | 1 | |
| Ziggurat | 12 | |
| Altar of Darkness | 1 | |
| Tomb of Relics | 1 | |
| Nerubian Tower | 1 | |
| Halls of the Dead | 1 | |
| Graveyard | 1 | |
| Black Citadel | 1 | |
| Sacrificial Pit | 2 | |
| Boneyard | 2 | |
| Necropolis | 1 | |
| Spirit Tower | 2 | |
26 total
» build order
00:12 Crypt
00:16 Ziggurat
00:35 Altar of Darkness
00:52 Tomb of Relics
01:18 Ziggurat
01:41 Nerubian Tower
04:28 Halls of the Dead
05:03 Graveyard
05:57 Ziggurat
05:58 Ziggurat
06:53 Black Citadel
07:02 Sacrificial Pit
07:06 Sacrificial Pit
09:15 Boneyard
09:18 Boneyard
09:22 Ziggurat
09:23 Ziggurat
09:25 Ziggurat
11:12 Necropolis
13:17 Ziggurat
13:19 Ziggurat
13:22 Ziggurat
13:27 Ziggurat
13:33 Ziggurat
14:50 Spirit Tower
15:04 Spirit Tower
» items
| Rod of Necromancy | 2 | |
| Dust of Appearance | 1 | |
3 total
Progniss (
teal | 42 APM | 905 actions | 21:47)
2 Paladin
1 Devotion Aura
1 Holy Light
» actions
| Assign group hotkey | 3 | |
| Basic commands | 12 | |
| Build / train | 62 | |
| Enter build submenu | 34 | |
| Enter hero's abilities submenu | 2 | |
| Right click | 419 | |
| Select / deselect | 302 | |
| Select group hotkey | 9 | |
| Use ability | 62 | |
905 total
» units
| Peasant | 15 | |
| Footman | 3 | |
| Rifleman | 2 | |
| Dragonhawk Rider | 8 | |
| Sorceress | 7 | |
35 total
» upgrades
| Swords | 3 | |
| Lumber Harvesting | 2 | |
| Masonry | 2 | |
| Sorceress Training | 2 | |
| Armor | 3 | |
| Cloud | 1 | |
13 total
» buildings
| Barracks | 3 | |
| Altar of Kings | 1 | |
| Farm | 13 | |
| Blacksmith | 2 | |
| Scout Tower | 10 | |
| Arcane Vault | 1 | |
| Arcane Tower | 1 | |
| Keep | 1 | |
| Lumber Mill | 1 | |
| Gryphon Aviary | 3 | |
| Town Hall | 1 | |
| Guard Tower | 8 | |
| Castle | 1 | |
| Arcane Sanctum | 1 | |
47 total
» build order
00:28 Barracks
00:29 Barracks
00:35 Barracks
01:03 Altar of Kings
01:15 Farm
02:05 Farm
02:54 Farm
03:00 Farm
03:05 Blacksmith
03:20 Scout Tower
03:51 Arcane Vault
03:54 Arcane Tower
05:13 Keep
05:56 Lumber Mill
08:36 Gryphon Aviary
08:41 Gryphon Aviary
08:46 Gryphon Aviary
08:59 Town Hall
09:12 Scout Tower
09:41 Scout Tower
10:16 Guard Tower
10:19 Scout Tower
11:02 Guard Tower
11:05 Scout Tower
11:17 Castle
11:25 Farm
11:26 Farm
11:27 Farm
11:28 Farm
11:35 Guard Tower
11:41 Scout Tower
11:44 Scout Tower
11:45 Scout Tower
11:48 Scout Tower
11:49 Scout Tower
11:58 Arcane Sanctum
12:21 Farm
12:22 Farm
12:27 Farm
12:33 Farm
12:44 Blacksmith
12:58 Guard Tower
13:02 Guard Tower
13:33 Guard Tower
13:37 Guard Tower
13:59 Farm
14:08 Guard Tower
Chat log
(00:06 / Allies) 7mins2FullCharg: arent these the hackers
(00:13 / Allies) 859374985734895: no
(00:25 / Allies) 859374985734895: we do pandas
(01:01 / Allies) 859374985734895: late altars on all of them?
(01:11 / Allies) 859374985734895: micahel send wisp
(01:12 / Allies) 859374985734895: for pandas
(01:21 / Allies) 859374985734895: keep feeding tommy
(01:34 / Allies) 859374985734895: tommy is "6minutes to full chargE"
(01:51 / Allies) 859374985734895: we crep that first
(02:32 / Allies) 859374985734895: lets do their greens
(02:34 / Allies) 859374985734895: tommy is late hero
(02:35 / Allies) 7mins2FullCharg: dont wait up
(02:37 / Allies) 7mins2FullCharg: i have no altar
(02:55 / Allies) 859374985734895: nvm
(02:56 / Allies) 859374985734895: u go right
(03:30 / Allies) 859374985734895: michael
(03:31 / Allies) 859374985734895: make wells
(03:32 / Allies) 859374985734895: ny tower wall
(03:36 / Allies) 859374985734895: just liek every other time
(04:18 / Allies) 859374985734895: shit
(04:22 / Allies) 859374985734895: we need to be
(04:23 / Allies) 859374985734895: by tha twall
(04:26 / Allies) 859374985734895: send padnads
(04:38 / Allies) 859374985734895: nvm he pulle dback
(04:54 / Allies) 859374985734895: lol
(04:57 / Allies) 859374985734895: theyve been perched before
(05:06 / Allies) 7mins2FullCharg: thank god they didnt run through
(05:08 / Allies) 7mins2FullCharg: they could have
(05:19 / Allies) 859374985734895: that would have been ugly fo rhtem i htink
(05:28 / Allies) 859374985734895: do our greens oranges last
(05:30 / Allies) 859374985734895: harass right now
(06:12 / Allies) 859374985734895: tripanda vs dual
(06:19 / Allies) 7mins2FullCharg: too bae
(06:30 / Allies) 859374985734895: lala land
(06:36 / Allies) 859374985734895: b
(06:38 / Allies) 859374985734895: he has sleep
(06:38 / Allies) 859374985734895: b
(06:44 / Allies) 7mins2FullCharg: michael expo
(07:29 / Allies) thatsOldtimey: naked
(07:29 / Allies) 859374985734895: back off til he creeps
(07:30 / Allies) 859374985734895: then jack
(07:50 / Allies) thatsOldtimey: still no staff
(07:50 / Allies) 859374985734895: nvm
(08:20 / Allies) 859374985734895: abandon mission
(08:22 / Allies) 859374985734895: total failure
(09:02 / Allies) 859374985734895: he is going bats
(09:03 / Allies) thatsOldtimey: they have bats
(09:05 / Allies) 859374985734895: so dont be afraid to use mine
(09:08 / Allies) 859374985734895: jstu donnt do anything gay
(09:11 / Allies) 859374985734895: liek send 12 bats at his bats
(09:13 / Allies) 859374985734895: sne 1 at a time
(09:37 / Allies) 859374985734895: its goign to be
(09:38 / Allies) 859374985734895: cloud wyrm
(10:11 / Allies) 859374985734895: lets go alreayd
(10:23 / Allies) 7mins2FullCharg: gold
(11:05 / Allies) 859374985734895: tommy share
(11:25 / Allies) 859374985734895: michael
(11:27 / Allies) 859374985734895: get 50 food unmounts
(11:29 / Allies) 859374985734895: not dotts
(11:43 / Allies) 859374985734895: tommy get a sorc
(11:47 / Allies) 859374985734895: so we can tribreeath harass
(11:51 / Allies) 859374985734895: u guys need staffs too
(13:01 / Allies) 859374985734895: need sorc
(13:03 / Allies) 859374985734895: also sentry
(13:10 / Allies) 859374985734895: they could townhall tp through that wall right now
(13:25 / Allies) 859374985734895: walk
(13:27 / Allies) 859374985734895: and tribreath
(14:00 / Allies) 859374985734895: go
(14:02 / Allies) 859374985734895: dual breath
(14:09 / Allies) 859374985734895: get th etowers
(14:34 / Allies) 859374985734895: uh oh ranny you forgot to maphack
(15:29 / Allies) 859374985734895: you forgot to mahacp
(15:30 / Allies) 859374985734895: again
(15:38 / Allies) 859374985734895: pandas vs those bats
(15:43 / Allies) 859374985734895: do i have to ping
(15:45 / Allies) 859374985734895: or do u guys have mh
(15:57 / Allies) 7mins2FullCharg: im not going to manage
(16:01 / Allies) 7mins2FullCharg: abts
(16:24 / Allies) 859374985734895: i guess i have to ping
(16:33 / Allies) 7mins2FullCharg: left side
(16:34 / Allies) 7mins2FullCharg: perch
(16:42 / Allies) 7mins2FullCharg: ping what
(16:46 / Allies) 859374985734895: exactly
(17:12 / Allies) 859374985734895: do we have invis
(17:47 / Allies) 859374985734895: lets try and do at least one trihreath
(18:03 / Allies) 859374985734895: holy shit
(18:05 / Allies) 859374985734895: this will be ugly
(18:07 / Allies) 859374985734895: gold me fast
(18:09 / Allies) 859374985734895: im gonna stop mining and break
(18:10 / Allies) 859374985734895: with abts
(18:11 / Allies) 859374985734895: gold
(18:17 / Allies) 859374985734895: 4k gold
(18:17 / Allies) 859374985734895: now
(18:23 / Allies) 859374985734895: gold me
(18:24 / Allies) 859374985734895: both of you
(18:26 / Allies) 859374985734895: k no more
(18:45 / Allies) 859374985734895: tribreath one time
(18:47 / Allies) 859374985734895: then run or staff
(18:59 / Allies) thatsOldtimey: acos?
(19:11 / Allies) 859374985734895: ya
(20:00 / Allies) 859374985734895: invis and go panda
(20:34 / All) 859374985734895: lol
(20:48 / Allies) 859374985734895: staff
(21:18 / All) 859374985734895: BEST GAME EVER
(21:20 / All) 859374985734895: TY
(21:28 / All) Progniss: wow gg panda.
(21:28 / All) kaide007: map hack is wonderous
(21:40 / All) Progniss: ya make that pat less obvious
(21:43 / All) 859374985734895: WHO HACKS?
(21:44 / All) 859374985734895: YOU
(21:45 / All) Progniss: the mh part
(21:45 / All) 859374985734895: ?